Unix NetHack Version 5.0.0-0 post-release - last build Jun 10 2026 00:39:30 (3ee93aec679c4c4259841fe613dc97188e26a321,branch:main).

Game began 2026-06-14 15:27:30, ended 2026-06-14 15:34:33.

DiePARTEI, neutral female human Tourist

                 ---       ----    ---
                --.--      |^.------.-----                            ---
                |...|      |....--....--.---                      -----.------
         ----  ---.--   -------.....*......-- ---                --....>.|.|.--
        --..|  |...|    |.--------.---......|--.----             |............|
    ----|...---|.---    |....----..| --....-||.....|             |-..........--
    |..--......|.|      |.....--...-- |.....-|.....--           --..|........|
   --............|      |.--....-...| --.....|......--         --..---.......|
   |......--....--      |.||.......--  ---...|.).....-----------..---......-.|
   |......--....--      |.||..--..--     |..--.|...........@.....--|.........|
   ----..........|      |.|--.---.--     --....|---------.-..----- --.......--
      --.........--     |.--|..||..----   |.----    ----|.....|     |-..--.--
       |..........--   --..|--.---....-----.|      --.|.|....--    --..-----
       |-..........|   |...--|..-----.......|      |.........----- |...|  ----
      --...........|   |....|--..-------...--      --.........|-.| |...| --..--
     --...........------....| --...| ---..--        ---......--..| ---.---....|
------.....--.--..........<--  ---.| |....|           --.........|   |..|....--
|..........-----------------     |.--|....|            --........|   |......--
|...----....|                    |..|--..--             --.....---   |......|
-----  ---.--                    |..| |..|               ----.--     ---.----
         ---                     ---- ----                  ---        ---
DiePARTEI the Rambler       St:10 Dx:13 Co:14 In:14 Wi:9 Ch:15  Neutral
Dlvl:4  $:323 HP:0(19) Pw:8(8) AC:5  Xp:2 T:789  Burdened

Latest messages:
 The ruby potion evaporates.
 Something seems to be holding you.
 The little dog bites the gnome.
 The gnome is killed!
 The little dog picks up a scroll labeled EIRIS SAZUN IDISI.
 The little dog drops a scroll labeled EIRIS SAZUN IDISI.
 You can move again.
 You see here a scroll labeled EIRIS SAZUN IDISI.
 You have a little trouble lifting B - a scroll labeled EIRIS SAZUN IDISI.
 You are carrying too much to get through.
 It bites the gnome.
 The gnome is killed!
 The gnome swings her bow.
 The gnome hits!
 The gnome swings her bow.
 The gnome misses!
 The gnome swings her bow.
 The gnome hits!
 The little dog misses the gnome.
 What do you want to drink? [ioqt or ?*] ?
 You feel better.
 The little dog misses the gnome.
 The gnome zaps a hexagonal wand!
 The wand misses you.
 The wand hits the little dog!
 The little dog misses the gnome.
 It bites the gnome.
 The gnome swings her bow at it.
 The gnome hits it.
 It bites the gnome.
 The gnome is killed!
 Your little dog eats a gnome corpse.
 You hear a nearby zap.
 The wand hits the little dog!
 The little dog is killed!
 The wand hits you!
 What do you want to drink? [iot or ?*] i
 You feel much better.
 You hear a nearby zap.
 The wand misses you.
 You hear a nearby zap.
 The wand misses you.
 You hear a nearby zap.
 The wand hits you!
 You die...
 Do you want your possessions identified? [ynq] (y) y
 Do you want to see your attributes? [ynq] (y) y
 Do you want an account of creatures vanquished? [ynaq] (y) y
 Do you want to see your conduct and achievements? [ynq] (y) y
 Do you want to see the dungeon overview? [ynq] (y) y

Inventory:
 Coins    ('$')
  $ - 323 gold pieces
 Weapons  (')')
  a - 26 +2 darts (at the ready)
  A - a +0 dagger
  r - a cursed -2 orcish dagger
  n - a blessed +0 two-handed sword
 Armor    ('[')
  k - an uncursed +0 Hawaiian shirt with a hibiscus flower motif (being worn)
  p - an uncursed +2 studded leather armor (being worn)
 Comestibles  ('%')
  b - an uncursed slime mold
  h - an uncursed clove of garlic
  c - 6 uncursed food rations
  g - an uncursed fortune cookie
  e - an uncursed melon
  y - 2 uncursed tripe rations
  d - 2 uncursed eggs
  z - a cursed egg
 Scrolls  ('?')
  B - an uncursed scroll of fire
  j - 2 uncursed scrolls of magic mapping
  v - an uncursed scroll of teleportation
 Potions  ('!')
  o - a cursed potion of object detection
  t - an uncursed potion of water
 Tools    ('(')
  m - an uncursed credit card
  w - a crystal ball (0:4)
  l - an expensive camera (0:74)
 Gems/Stones  ('*')
  x - an uncursed chrysoberyl stone
  s - an uncursed worthless piece of green glass

DiePARTEI the Tourist's attributes:

Background:
 You were a Rambler, a level 2 female human Tourist.
 You were neutral, on a mission for The Lady
 who was opposed by Blind Io (lawful) and Offler (chaotic).
 You were right-handed.
 You were in the Gnomish Mines, on level 4.
 You entered the dungeon 789 turns ago.
 There was a new moon in effect when your adventure ended.
 You had 21 experience points, 19 more were needed to attain level 3.

Basics:
 You had 0 out of 19 hit points.
 You had all 8 energy points (spell power).
 Your armor class was 5.
 Your wallet contained 323 zorkmids.
 Autopickup was off.

Final Characteristics:
 Your strength was 10 (limit:18/100).
 Your dexterity was 13 (limit:18).
 Your constitution was 14 (limit:18).
 Your intelligence was 14 (limit:18).
 Your wisdom was 9 (limit:18).
 Your charisma was 15 (limit:18).

Final Status:
 You weren't hungry.
 You were burdened; movement was slightly slowed.
 You were bare handed.
 You were unskilled in bare handed combat.

Final Attributes:
 You were stridently aligned.
 You were warded.
 You are dead.

Miscellaneous:
 You didn't encounter any bones levels.
 Total elapsed playing time was 7 minutes and 2 seconds.

Major events:
 Turn
    1: DiePARTEI the neutral female human Tourist entered the dungeon
  689: entered the Gnomish Mines
  789: killed by a wand

You didn't know any spells.

Skills:
 Fighting Skills
   bare handed combat [Unskilled]
   two weapon combat  [Unskilled]
   riding             [Unskilled]
 Weapon Skills
   dagger             [Unskilled]
   knife              [Unskilled]
   axe                [Unskilled]
   pick-axe           [Unskilled]
   short sword        [Unskilled]
   broadsword         [Unskilled]
   long sword         [Unskilled]
   two-handed sword   [Unskilled]
   saber              [Unskilled]
   mace               [Unskilled]
   morning star       [Unskilled]
   flail              [Unskilled]
   hammer             [Unskilled]
   quarterstaff       [Unskilled]
   polearms           [Unskilled]
   spear              [Unskilled]
   trident            [Unskilled]
   lance              [Unskilled]
   bow                [Unskilled]
   sling              [Unskilled]
   crossbow           [Unskilled]
   dart               [Basic]
   shuriken           [Unskilled]
   boomerang          [Unskilled]
   whip               [Unskilled]
   unicorn horn       [Unskilled]
 Spellcasting Skills
   divination spells  [Unskilled]
   enchantment spells [Unskilled]
   escape spells      [Unskilled]

Voluntary challenges:
 Character rerolling was not enabled.
 You followed a strict vegan diet.
 You were an atheist.
 You never hit with a wielded weapon.
 You never genocided any monsters.
 You never polymorphed an object.
 You never changed form.
 You used no wishes.
Achievement:
 You entered the Gnomish Mines.

 The Dungeons of Doom: levels 1 to 3
    Level 1:
       A fountain, a grave.
    Level 2:
       A grave.
       Stairs down to The Gnomish Mines.
    Level 3:
 The Gnomish Mines: levels 3 to 4
    Level 3:
    Level 4: <- You were here.
       Final resting place for
          you, killed by a wand.


Vanquished creatures:
  a little dog
  4 gnomes
  2 jackals
  2 kobolds
  2 goblins
  2 grid bugs
  a lichen
  3 newts
17 creatures vanquished.

No species were genocided or became extinct.

Game over:
                       ----------
                      /          \
                     /    REST    \
                    /      IN      \
                   /     PEACE      \
                  /                  \
                  |    DiePARTEI     |
                  |      323 Au      |
                  | killed by a wand |
                  |                  |
                  |                  |
                  |                  |
                  |       2026       |
                 *|     *  *  *      | *
        _________)/\\_//(\/(/\)/\//\/|_)_______

Aloha DiePARTEI the Tourist...

You died in The Gnomish Mines on dungeon level 4 with 263 points,
and 323 pieces of gold, after 789 moves.
You were level 2 with a maximum of 19 hit points when you died.

